 Dungeon Crawl Stone Soup version 0.30-a0-989-g0d87f670db (webtiles) character file.

Game seed: 11199779930633886281

498 Newt the Skirmisher (level 7, -4/39 HPs)
             Began as a Kobold Hunter on Apr 3, 2023.
             Was a Follower of Hepliaklqana.
             Slain by an ogre
             ... wielding a +0 giant spiked club
              (10 damage)
             ... on level 6 of the Dungeon.
             The game lasted 00:03:56 (4467 turns).

Newt the Skirmisher (Kobold Hunter)                 Turns: 4467, Time: 00:03:57

Health: -4/39      AC:  3    Str:  8    XL:     7   Next: 39%
Magic:  7/7        EV: 15    Int: 11    God:    Hepliaklqana [*.....]
Gold:   278        SH:  0    Dex: 20    Spells: 6/6 levels left

rFire   + . .      SeeInvis .    a - +0 shortbow
rCold   . . .      Faith    .    (shield currently unavailable)
rNeg    + . .      Spirit   .    k - +1 robe of Egeoschi {Harm}
rPois   .          Reflect  .    (no helmet)
rElec   .          Rampage  .    (no cloak)
rCorr   .          Harm     + .  (no gloves)
Will    .....                    (no boots)
Stlth   +++                      h - amulet of magic regeneration
HPRegen 0.26/turn                g - ring of protection from fire
MPRegen 0.50/turn                i - ring of positive energy

@: no status effects
A: reduced essence, small, no large weapons, nightstalker 3
a: Renounce Religion, Recall Ancestor, Ancestor Identity


You were on level 6 of the Dungeon.
You worshipped Hepliaklqana.
Hepliaklqana was aware of your devotion.
You visited 2 branches of the dungeon, and saw 7 of its levels.

You collected 278 gold pieces.

Inventory:

Hand Weapons
 a - a +0 shortbow (weapon)
Missiles
 q - 2 throwing nets
Armour
 c - a +0 leather armour
 k - the +1 robe of Egeoschi (worn) {Harm}
   (You found it on level 3 of the Dungeon)

   Harm:      It increases damage dealt and taken.
Jewellery
 g - a ring of protection from fire (left hand)
 h - an amulet of magic regeneration (around neck)
 i - a ring of positive energy (right hand)
 p - a ring of poison resistance
Scrolls
 b - a scroll of immolation
 e - 2 scrolls of amnesia
 n - 2 scrolls of identify
 o - a scroll of noise {unknown}
 s - a scroll of teleportation {unknown}
Potions
 d - 2 potions of degeneration
 f - a potion of mutation
 j - a potion of brilliance
 l - a potion of might
 m - 2 potions of cancellation
 r - a potion of haste {unknown}


   Skills:
 - Level 5.0 Fighting
 + Level 9.5 Ranged Weapons
 - Level 2.4 Dodging
 - Level 1.3 Stealth


You had 6 spell levels left.
You didn't know any spells.
Your spell library contained the following spells:

 Spells                   Type           Power      Damage    Failure   Level
 Magic Dart               Conj           0%         1d3       34%         1
 Sandblast                Erth           0%         2d4       34%         1
 Call Imp                 Summ           0%         N/A       47%         2
 Lesser Beckoning         Tloc           0%         N/A       47%         2
 Passwall                 Tmut/Erth      0%         N/A       47%         2
 Gell's Gravitas          Tloc           0%         N/A       71%         3
 Mephitic Cloud           Conj/Pois/Air  0%         N/A       71%         3
 Stone Arrow              Conj/Erth      0%         3d7       71%         3
 Teleport Other           Tloc           0%         N/A       71%         3


Dungeon Overview and Level Annotations

Branches:
Dungeon (6/15)             Temple (1/1) D:4

Altars:
Ashenzari
Cheibriados
Dithmenos
Elyvilon
Fedhas
Gozag
Hepliaklqana
Makhleb
Nemelex Xobeh
Okawaru
Qazlal
Uskayaw
Vehumet
Wu Jian
Xom
Yredelemnul
The Shining One


Innate Abilities, Weirdness & Mutations

Your life essence is reduced to manifest your ancestor. (-10% HP)
You are small and have problems with some larger weapons.
You are completely attuned to the shadows.


Message History

No target in view!
No target in view!
Search for what [Enter for "."]? .
(D) Dungeon (T) Temple
Where to? (Enter - D:5, ? - help)
You swap places.
You see here a +0 scimitar.
There is a stone staircase leading down here.
You climb downwards.
Found a leather armour.
There is a stone staircase leading up here.
There are monsters nearby!
You shoot an arrow. The arrow completely misses the ogre.
The jelly quivers.
You shoot an arrow. Sunngifu avoids your attack.
The arrow hits the ogre.
The ogre is lightly wounded.
Sunngifu hits the ogre.
The ogre barely misses Sunngifu.
You shoot an arrow. The arrow hits the jelly!
The jelly is almost dead.
Sunngifu barely misses the ogre.
You shoot an arrow. The arrow hits the jelly!
You kill the jelly!
Sunngifu hits the ogre but does no damage.
You shoot an arrow. The arrow hits the ogre.
The ogre is moderately wounded.
Sunngifu hits the ogre.
You shoot an arrow. The arrow hits the ogre!
The ogre is severely wounded.
The ogre hits you with a +0 giant spiked club!!
Ouch! That really hurt!
* * * LOW HITPOINT WARNING * * *
Sunngifu barely misses the ogre.
You are too injured to fight recklessly!
Unknown command.
You aren't carrying any items that you can evoke.
Unknown command.
Okay, then.
You shoot an arrow. The arrow closely misses the ogre.
Sunngifu hits the ogre!
The ogre hits you with a +0 giant spiked club!
You die...

....###
......#
...R.[#
....O.#
....@.#
.........
.........
......###
......#


You could see the friendly Sunngifu the ancestor and an ogre (ally target).

Vanquished Creatures
  A scorpion (D:5)
  3 hounds (D:5)
  A jelly (D:6)
  An orc priest (D:4)
  A sleepcap (D:4)
  An iguana (D:5)
  An orc wizard (D:5)
  Robin (D:3)
  4 gnolls (D:5)
  4 adders
  3 worms
  2 dart slugs
  13 orcs
  9 bats
  6 endoplasms
  2 giant cockroaches
  17 goblins
  13 hobgoblins
  5 jackals
  3 quokkas
  7 ball pythons
  A frilled lizard (D:2)
  3 kobolds
  8 rats
110 creatures vanquished.

Notes
Turn   | Place    | Note
-------+----------+-------------------------------------------
     0 | D:1      | Newt the Kobold Hunter began the quest for the Orb.
     0 | D:1      | Reached XP level 1. HP: 12/12 MP: 1/1
   133 | D:1      | Reached XP level 2. HP: 19/19 MP: 2/2
   306 | D:1      | Reached XP level 3. HP: 23/23 MP: 3/3
   613 | D:2      | Found a burning altar of Makhleb.
  1189 | D:2      | Reached XP level 4. HP: 18/30 MP: 4/4
  1974 | D:3      | Identified the +1 robe of Egeoschi {Harm}
  2018 | D:3      | Reached skill level 5 in Fighting
  2071 | D:3      | Noticed Robin
  2096 | D:3      | Killed Robin
  2097 | D:3      | Reached XP level 5. HP: 13/35 MP: 5/5
  2105 | D:3      | Reached skill level 6 in Ranged Weapons
  2783 | D:4      | Found a staircase to the Ecumenical Temple.
  2786 | D:4      | Reached skill level 7 in Ranged Weapons
  2786 | D:4      | Reached XP level 6. HP: 40/40 MP: 6/6
  2793 | Temple   | Entered the Ecumenical Temple
  2886 | Temple   | Became a worshipper of Hepliaklqana the Forgotten
  2984 | D:5      | Entered Level 5 of the Dungeon
  3189 | D:5      | Reached skill level 8 in Ranged Weapons
  3309 | D:5      | Reached XP level 7. HP: 38/44 MP: 7/7
  3377 | D:5      | Reached skill level 9 in Ranged Weapons
  4384 | D:5      | Reached * piety under Hepliaklqana
  4467 | D:6      | Slain by an ogre

Illustrated notes

Levels and vault maps discovered:
D:1:      minmay_arrival_checkered_box, layout_rooms
D:2:      layout_basic, basic_altar, guppyfry_early_orc_mine
D:3:      layout_basic, uniq_robin
D:4:      layout_basic, minmay_temple_entry_proselytizer
D:5:      layout_cave_pods, kennysheep_nondescript
D:6:      layout_cave_pods, chequers_serial_rivers_small_3, uniq_menkaure,
          uniq_edmund, uniq_duvessa, uniq_crazy_yiuf_cottage
Temple:   compressed_dpeg_circular_temple

Skill      XL: |  1  2  3  4  5  6  7 |
---------------+----------------------+-----
Fighting       | 3 4 5 |  5.0
Ranged Weapons | 7 8 9 |  9.5
Dodging        | |  2.4
Stealth        | |  1.3

Action                     |  1- 3 |  4- 6 |  7- 9 || total
---------------------------+-------+-------+-------++-------
   Fire: Shortbow          |   117 |   185 |    49 ||   351
    Use: Scroll            |     3 |     5 |       ||     8
 Armour: Leather armour    |    20 |     5 |       ||    25
         Robe              |       |    22 |     3 ||    25
  Dodge: Dodged            |    58 |   119 |    29 ||   206

Table legend: (Time is in decaauts)
 A = Elapsed time spent in this place.
 B = Non-inter-level travel time spent in this place.
 C = Inter-level travel time spent in this place.
 D = Time resting spent in this place.
 E = Time spent auto-exploring this place.
 F = Levels seen in this place.
 G = Mean time per level.
                   A        B        C        D        E       F      G
               +--------+--------+--------+--------+--------+-----+--------+
         Total |   4535 |   4401 |    134 |    407 |   3316 |   7 |  647.9 |
       Dungeon |   4432 |   4324 |    108 |    407 |   3255 |   6 |  738.7 |
        Temple |    103 |     78 |     25 |      0 |     61 |   1 |  103.0 |
               +--------+--------+--------+--------+--------+-----+--------+

Top non-repeatable levels by time:
     D:5: 1483 daAuts
     D:2: 1028 daAuts
     D:3: 801 daAuts
     D:4: 583 daAuts
     D:1: 528 daAuts
  Temple: 103 daAuts
     D:6: 6 daAuts
